Boston Bruins vs Edmonton Oilers
Created - Saturday, December 16, 2023 at 06:34
Goals
|
| Boston Bruins |
0 |
2 |
0 |
2 |
| Edmonton Oilers |
2 |
1 |
1 |
4 |
|
Shots
|
| Boston Bruins |
6 |
9 |
9 |
24 |
| Edmonton Oilers |
16 |
7 |
23 |
46 |
|
1st period
1. Edmonton Oilers , Mikael Backlund 16 (Brock Boeser 21, Brett Pesce 15) at 14:18
2. Edmonton Oilers , Tanner Jeannot 2 (Jacob Trouba 22, Derek Grant 8) at 14:52
Penalties :
Jacob Larsson (BOS) for Tripping (Minor) at 18:31
2nd period
3. Boston Bruins , Joe Veleno 13 (Tyson Barrie 29, John-Jason Peterka 27) at 0:51
4. Boston Bruins , John-Jason Peterka 17 (Samuel Girard 20, Nicholas Merkley 16) at 6:24
5. Edmonton Oilers , Evan Bouchard 6 (Jake DeBrusk 22) at 8:19 (PP)
Penalties :
Charlie McAvoy (BOS) for Boarding (Minor) at 2:34, Sean Durzi (BOS) for Hooking (Minor) at 7:30, Jacob Trouba (EDM) for Boarding (Minor) at 10:51
3rd period
6. Edmonton Oilers , David Perron 29 (Boone Jenner 46, Adrian Kempe 41) at 15:07 (PP)
Penalties :
David Perron (EDM) for Holding (Minor) at 0:21, Brandon Hagel (BOS) for Roughing (Minor) at 14:23
Goalie Stats
Leevi Merilainen (BOS), 42 saves from 46 shots - (0.913), L, 12-18-4, 60:00 minutes
Juuse Saros (EDM), 22 saves from 24 shots - (0.917), W, 26-29-4, 60:00 minutes
Players Stats for Boston Bruins
Player Name G A P +/- PIM S H SB GA TA FO MP PP MP PK MP
------------------------------------------------------------------------------------
Anthony Beauvillier 0 0 0 -1 0 2 0 1 1 0 1/3 18:26 1:59 2:33
Brandon Hagel 0 0 0 -1 2 5 5 0 1 0 1/6 18:33 1:59 2:25
Charlie McAvoy 0 0 0 0 2 4 4 1 1 0 0/0 21:52 2:10 1:50
Dylan Gambrell 0 0 0 0 0 0 1 0 0 0 1/2 9:16 0:00 0:00
Jacob Larsson 0 0 0 0 2 0 3 0 0 1 0/0 15:03 0:00 0:00
Joe Veleno 1 0 1 1 0 3 1 0 0 0 5/11 12:41 0:00 0:33
Joel Farabee 0 0 0 0 0 4 3 1 0 0 2/4 16:22 1:52 0:00
John-Jason Peterka 1 1 2 1 0 1 0 0 0 0 0/0 12:51 0:07 0:00
Joonas Donskoi 0 0 0 0 0 0 0 0 0 0 0/0 9:39 0:07 0:00
Mathieu Olivier 0 0 0 0 0 1 0 0 0 0 0/0 9:16 0:00 0:00
Matt Grzelcyk 0 0 0 0 0 1 0 1 0 0 0/0 16:51 0:00 1:02
Nicholas Merkley 0 1 1 1 0 2 0 1 0 0 0/1 12:31 0:07 0:00
Pavel Zacha 0 0 0 -1 0 0 0 0 0 0 6/15 19:07 1:59 2:58
Phil Kessel 0 0 0 0 0 0 1 1 1 0 1/2 19:06 1:52 2:33
Ryan Donato 0 0 0 0 0 0 2 0 0 0 8/15 16:38 1:52 0:00
Samuel Girard 0 1 1 0 0 0 0 3 0 2 0/0 21:30 1:48 2:39
Sean Durzi 0 0 0 0 2 1 1 1 1 1 0/0 20:53 1:48 1:50
Tyson Barrie 0 1 1 0 0 0 4 0 1 1 0/0 23:50 2:10 3:41
Players Stats for Edmonton Oilers
Player Name G A P +/- PIM S H SB GA TA FO MP PP MP PK MP
------------------------------------------------------------------------------------
Adrian Kempe 0 1 1 0 0 6 1 1 1 0 0/2 19:23 3:03 1:38
Boone Jenner 0 1 1 0 0 4 1 2 1 0 18/23 19:53 3:03 1:56
Brandon Carlo 0 0 0 1 0 1 1 0 0 0 0/0 22:36 3:04 2:05
Brett Pesce 0 1 1 0 0 3 2 2 0 0 0/0 19:54 2:27 1:53
Brock Boeser 0 1 1 1 0 2 0 0 0 0 0/1 16:45 2:28 0:00
David Farrance 0 0 0 1 0 1 2 1 0 1 0/0 14:46 0:00 0:00
David Perron 1 0 1 0 2 2 3 0 0 0 1/3 18:55 3:03 0:59
Dawson Mercer 0 0 0 -2 0 0 1 1 0 0 0/2 13:00 0:00 0:44
Derek Grant 0 1 1 1 0 0 0 0 0 0 4/5 9:20 0:00 0:00
Dylan Holloway 0 0 0 1 0 1 0 0 0 0 0/0 9:20 0:00 0:00
Evan Bouchard 1 0 1 -2 0 1 4 2 0 0 0/0 21:42 2:27 2:04
Jacob Trouba 0 1 1 1 2 6 5 0 0 2 0/0 22:12 3:04 1:18
Jake DeBrusk 0 1 1 1 0 8 0 0 1 1 1/5 18:46 2:28 2:01
Jeff Carter 0 0 0 -2 0 0 0 0 0 0 6/9 12:19 0:00 0:00
Mikael Backlund 1 0 1 1 0 7 1 0 1 0 4/9 16:45 2:28 0:00
Paul Stastny 0 0 0 -2 0 0 0 0 0 0 0/0 12:59 0:00 0:38
Scott Mayfield 0 0 0 -1 0 1 1 2 0 1 0/0 18:02 0:00 0:36
Tanner Jeannot 1 0 1 1 0 3 0 1 1 1 0/0 9:23 0:00 0:00
3 Stars
1 - Mikael Backlund (EDM)
2 - John-Jason Peterka (BOS)
3 - Tanner Jeannot (EDM)
Power Play
Boston Bruins - 0 on 2 Attempt(s) - 0.00%
Edmonton Oilers - 2 on 4 Attempt(s) - 50.00%
Penalty Kill
Boston Bruins - 2 on 4 Attempt(s) - 50.00%
- Score 0 goal in Penalty Kill
Edmonton Oilers - 2 on 2 Attempt(s) - 100.00%
- Score 0 goal in Penalty Kill
Team Stat
Boston Bruins - Hits : 25 - Faceoff Wins : 25 - Blocked Shots : 10 - Penalty Minutes : 8
Edmonton Oilers - Hits : 22 - Faceoff Wins : 34 - Blocked Shots : 12 - Penalty Minutes : 4
Official
Referees : Tim Peel and Tom Kowal
Linesman : Ryan Gibbons and Brandon Gawryletz
Game Notes
No Game Note
Finance
Level 1 -- Attendance: 5391 (89.85%) -- Ticket Income $485,190
Level 2 -- Attendance: 4215 (84.30%) -- Ticket Income $210,750
Level 3 -- Attendance: 2589 (86.30%) -- Ticket Income $77,670
Level 4 -- Attendance: 4229 (84.58%) -- Ticket Income $84,580
Luxury Box -- Attendance: 945 (94.50%) -- Ticket Income $179,550
Game was played at the Rexall Place.
Total Attendance: 17369 (86.85%)
Total Ticket Income: $1,037,740
Other Income: $363,209
Total Income: $1,400,949
Boston Bruins
5 vs 5 Forward
Center Left Wing Right Wing Time % Phy DF OF
1 Pavel Zacha Brandon Hagel Anthony Beauvillier 30 1 2 2
2 Ryan Donato Joel Farabee Phil Kessel 30 1 2 2
3 Joe Veleno John-Jason Peterka Nicholas Merkley 25 1 2 2
4 Dylan Gambrell Joonas Donskoi Mathieu Olivier 15 1 2 2
5 vs 5 Defense
Defense Defense Time % Phy DF OF
1 Charlie McAvoy Tyson Barrie 35 1 2 2
2 Sean Durzi Samuel Girard 35 1 2 2
3 Matt Grzelcyk Jacob Larsson 30 1 2 2
4 Charlie McAvoy Tyson Barrie 0 1 2 2
PowerPlay Forward
Center Left Wing Right Wing Time % Phy DF OF
1 Pavel Zacha Brandon Hagel Anthony Beauvillier 50 1 2 2
2 Ryan Donato Joel Farabee Phil Kessel 50 1 2 2
PowerPlay Defense
Defense Defense Time % Phy DF OF
1 Charlie McAvoy Tyson Barrie 50 1 2 2
2 Sean Durzi Samuel Girard 50 1 2 2
Penalty Kill 4 Players Forward
Center Wing Time % Phy DF OF
1 Brandon Hagel Pavel Zacha 50 1 2 2
2 Anthony Beauvillier Phil Kessel 50 1 2 2
Penalty Kill 4 Players Defense
Defense Defense Time % Phy DF OF
1 Charlie McAvoy Tyson Barrie 50 1 2 2
2 Sean Durzi Samuel Girard 50 1 2 2
Penalty Kill - 3 Players Forward
Forward Time % Phy DF OF
1 Brandon Hagel 50 1 2 2
2 Pavel Zacha 50 1 2 2
Penalty Kill - 3 Players Defense
Defense Defense Time % Phy DF OF
1 Charlie McAvoy Tyson Barrie 50 1 2 2
2 Sean Durzi Samuel Girard 50 1 2 2
4 vs 4 Forward
Center Wing Time % Phy DF OF
1 Brandon Hagel Pavel Zacha 50 1 2 2
2 Anthony Beauvillier Phil Kessel 50 1 2 2
4 vs 4 Defense
Defense Defense Time % Phy DF OF
1 Charlie McAvoy Tyson Barrie 50 1 2 2
2 Sean Durzi Samuel Girard 50 1 2 2
Last Minutes Offensive
Center Left Wing Right Wing Defense Defense
Pavel Zacha Brandon Hagel Anthony Beauvillier Charlie McAvoy Tyson Barrie
Last Minutes Defensive
Center Left Wing Right Wing Defense Defense
Pavel Zacha Brandon Hagel Anthony Beauvillier Charlie McAvoy Tyson Barrie
Goaltenders
Starting : Leevi Merilainen
Backup : Kyle Keyser
Extra Forwards
Normal : John-Jason Peterka, Nicholas Merkley, Joe Veleno - PP : John-Jason Peterka, Nicholas Merkley - PK : Joe Veleno
Extra Defensemen
Normal : Matt Grzelcyk, Charlie McAvoy, Sean Durzi - PP : Matt Grzelcyk - PK : Tyson Barrie, Sean Durzi
Penalty Shots
Brandon Hagel, Pavel Zacha, Anthony Beauvillier, Phil Kessel, Joel Farabee
Edmonton Oilers
5 vs 5 Forward
Center Left Wing Right Wing Time % Phy DF OF
1 Boone Jenner Adrian Kempe David Perron 30 1 2 2
2 Mikael Backlund Jake DeBrusk Brock Boeser 30 1 2 2
3 Jeff Carter Paul Stastny Dawson Mercer 25 1 2 2
4 Derek Grant Dylan Holloway Tanner Jeannot 15 1 2 2
5 vs 5 Defense
Defense Defense Time % Phy DF OF
1 Jacob Trouba Brandon Carlo 35 1 2 2
2 Evan Bouchard Scott Mayfield 35 1 2 2
3 Brett Pesce David Farrance 30 1 2 2
4 Jacob Trouba Brandon Carlo 0 1 2 2
PowerPlay Forward
Center Left Wing Right Wing Time % Phy DF OF
1 Boone Jenner Adrian Kempe David Perron 50 1 2 2
2 Mikael Backlund Jake DeBrusk Brock Boeser 50 1 2 2
PowerPlay Defense
Defense Defense Time % Phy DF OF
1 Jacob Trouba Brandon Carlo 50 1 2 2
2 Evan Bouchard Brett Pesce 50 1 2 2
Penalty Kill 4 Players Forward
Center Wing Time % Phy DF OF
1 Adrian Kempe Boone Jenner 50 1 2 2
2 David Perron Jake DeBrusk 50 1 2 2
Penalty Kill 4 Players Defense
Defense Defense Time % Phy DF OF
1 Jacob Trouba Brandon Carlo 50 1 2 2
2 Evan Bouchard Brett Pesce 50 1 2 2
Penalty Kill - 3 Players Forward
Forward Time % Phy DF OF
1 Adrian Kempe 50 1 2 2
2 Boone Jenner 50 1 2 2
Penalty Kill - 3 Players Defense
Defense Defense Time % Phy DF OF
1 Jacob Trouba Brandon Carlo 50 1 2 2
2 Evan Bouchard Brett Pesce 50 1 2 2
4 vs 4 Forward
Center Wing Time % Phy DF OF
1 Adrian Kempe Boone Jenner 50 1 2 2
2 David Perron Jake DeBrusk 50 1 2 2
4 vs 4 Defense
Defense Defense Time % Phy DF OF
1 Jacob Trouba Brandon Carlo 50 1 2 2
2 Evan Bouchard Brett Pesce 50 1 2 2
Last Minutes Offensive
Center Left Wing Right Wing Defense Defense
Boone Jenner Adrian Kempe David Perron Jacob Trouba Brandon Carlo
Last Minutes Defensive
Center Left Wing Right Wing Defense Defense
Boone Jenner Adrian Kempe David Perron Jacob Trouba Brandon Carlo
Goaltenders
Starting : Juuse Saros
Backup : Matt Murray
Extra Forwards
Normal : Paul Stastny, Jeff Carter, Dawson Mercer - PP : Paul Stastny, Jeff Carter - PK : Dawson Mercer
Extra Defensemen
Normal : Brett Pesce, Jacob Trouba, Evan Bouchard - PP : Brett Pesce - PK : Brandon Carlo, Evan Bouchard
Penalty Shots
Adrian Kempe, Boone Jenner, David Perron, Jake DeBrusk, Mikael Backlund
% Time on Ice - Boston Bruins
Lines # - Real PCT - Wanted PCT - Time Play
Normal Forward
1 - 29% - 30% - 14:26
2 - 29% - 30% - 14:41
3 - 24% - 25% - 12:08
4 - 18% - 15% - 9:16
Normal Defense
1 - 36% - 35% - 17:59
2 - 35% - 35% - 17:39
3 - 29% - 30% - 14:53
4 - 0% - 0% - 0:00
PP Forward
1 - 53% - 50% - 2:06
2 - 47% - 50% - 1:52
PP Defense
1 - 55% - 50% - 2:10
2 - 45% - 50% - 1:48
PK Forward
1 - 54% - 50% - 2:58
2 - 46% - 50% - 2:33
PK Defense
1 - 52% - 50% - 2:52
2 - 48% - 50% - 2:39
PK3 Forward
1 - 0% - 50%
2 - 0% - 50%
PK3 Defense
1 - 0% - 50%
2 - 0% - 50%
44 Forward
1 - 0% - 50%
2 - 0% - 50%
44 Defense
1 - 0% - 50%
2 - 0% - 50%
Last Minute Offensive - 0:00
Last Minute Defensive - 0:00
Total
Forward - 60:00
Defense - 60:00
|
% Time on Ice - Edmonton Oilers
Lines # - Real PCT - Wanted PCT - Time Play
Normal Forward
1 - 29% - 30% - 14:47
2 - 28% - 30% - 14:19
3 - 24% - 25% - 12:05
4 - 18% - 15% - 9:20
Normal Defense
1 - 35% - 35% - 17:36
2 - 35% - 35% - 17:26
3 - 30% - 30% - 14:59
4 - 1% - 0% - 0:30
PP Forward
1 - 55% - 50% - 3:03
2 - 45% - 50% - 2:28
PP Defense
1 - 56% - 50% - 3:04
2 - 44% - 50% - 2:27
PK Forward
1 - 41% - 50% - 1:38
2 - 59% - 50% - 2:20
PK Defense
1 - 53% - 50% - 2:05
2 - 47% - 50% - 1:53
PK3 Forward
1 - 0% - 50%
2 - 0% - 50%
PK3 Defense
1 - 0% - 50%
2 - 0% - 50%
44 Forward
1 - 0% - 50%
2 - 0% - 50%
44 Defense
1 - 0% - 50%
2 - 0% - 50%
Last Minute Offensive - 0:00
Last Minute Defensive - 0:00
Total
Forward - 60:00
Defense - 60:00
|
Play-by-Play
1st period
0:01 of 1st period - Boone Jenner wins face-off versus Brandon Hagel in neutral zone.
2:17 of 1st period - Snap shot by John-Jason Peterka.
2:17 of 1st period - Shot Blocked by Brett Pesce.
2:19 of 1st period - Wrist shot by John-Jason Peterka.
2:19 of 1st period - Deflect By Joe Veleno.
2:19 of 1st period - Stopped by Juuse Saros with a rebound.
2:21 of 1st period - Snap shot by Nicholas Merkley.
2:21 of 1st period - Shot Blocked by David Farrance.
2:44 of 1st period - Wrist shot by Tanner Jeannot.
2:44 of 1st period - Shot Blocked by Anthony Beauvillier.
2:56 of 1st period - Wrist shot by Joel Farabee.
2:56 of 1st period - Shot Misses the Net.
2:58 of 1st period - Wrist shot by Joel Farabee.
2:58 of 1st period - Deflect By Ryan Donato.
2:58 of 1st period - Shot Misses the Net.
2:58 of 1st period - Puck is out of play.
2:59 of 1st period - Joel Farabee wins face-off versus Jake DeBrusk in Edmonton Oilers zone.
3:08 of 1st period - Slapshot by Brock Boeser.
3:08 of 1st period - Stopped by Leevi Merilainen without a rebound.
3:09 of 1st period - Joe Veleno wins face-off versus Mikael Backlund in Boston Bruins zone.
4:30 of 1st period - Dylan Gambrell is hit by Jacob Trouba.
4:54 of 1st period - Matt Grzelcyk is hit by Jacob Trouba and loses puck.
5:01 of 1st period - Snap shot by Brock Boeser.
5:01 of 1st period - Shot Misses the Net.
5:55 of 1st period - Wrist shot by Jake DeBrusk.
5:55 of 1st period - Stopped by Leevi Merilainen with a rebound.
5:57 of 1st period - Snap shot by Mikael Backlund.
5:57 of 1st period - Stopped by Leevi Merilainen with a rebound.
5:59 of 1st period - Snap shot by Jake DeBrusk.
5:59 of 1st period - Shot Misses the Net.
6:01 of 1st period - Slapshot by Brandon Carlo.
6:01 of 1st period - Stopped by Leevi Merilainen without a rebound.
6:02 of 1st period - Boone Jenner wins face-off versus Pavel Zacha in Boston Bruins zone.
6:14 of 1st period - Off-side.
6:15 of 1st period - Ryan Donato wins face-off versus Dawson Mercer in neutral zone.
6:20 of 1st period - Jeff Carter is hit by Joel Farabee and loses puck.
6:55 of 1st period - Wrist shot by David Perron.
6:55 of 1st period - Stopped by Leevi Merilainen with a rebound.
7:41 of 1st period - Brett Pesce is hit by Brandon Hagel and loses puck.
8:52 of 1st period - Jacob Larsson is hit by Evan Bouchard and loses puck.
9:23 of 1st period - David Farrance is hit by Charlie McAvoy and loses puck.
10:22 of 1st period - Jeff Carter is hit by Joel Farabee and loses puck.
10:29 of 1st period - Joel Farabee is hit by Boone Jenner.
12:02 of 1st period - Icing by Matt Grzelcyk.
12:03 of 1st period - Mikael Backlund wins face-off versus Pavel Zacha in Boston Bruins zone.
12:09 of 1st period - Icing by Ryan Donato.
12:10 of 1st period - Pavel Zacha wins face-off versus Jeff Carter in Boston Bruins zone.
12:26 of 1st period - Wrist shot by Joel Farabee.
12:26 of 1st period - Stopped by Juuse Saros with a rebound.
12:35 of 1st period - Icing by Brock Boeser.
12:36 of 1st period - Boone Jenner wins face-off versus Pavel Zacha in Edmonton Oilers zone.
13:01 of 1st period - Brandon Carlo is hit by Charlie McAvoy and loses puck.
13:37 of 1st period - Samuel Girard is hit by David Farrance and loses puck.
14:08 of 1st period - Snap shot by Mikael Backlund.
14:08 of 1st period - Deflect By Jake DeBrusk.
14:08 of 1st period - Stopped by Leevi Merilainen with a rebound.
14:10 of 1st period - Snap shot by Mikael Backlund.
14:10 of 1st period - Stopped by Leevi Merilainen with a rebound.
14:12 of 1st period - Slapshot by Brett Pesce.
14:12 of 1st period - Stopped by Leevi Merilainen with a rebound.
14:14 of 1st period - Snap shot by Brock Boeser.
14:14 of 1st period - Shot Misses the Net.
14:18 of 1st period - Slapshot by Mikael Backlund.
14:18 of 1st period - Goal by Mikael Backlund - Boston Bruins : 0 - Edmonton Oilers : 1.
14:19 of 1st period - Boone Jenner wins face-off versus Anthony Beauvillier in neutral zone.
14:36 of 1st period - Wrist shot by Boone Jenner.
14:36 of 1st period - Stopped by Leevi Merilainen with a rebound.
14:48 of 1st period - Snap shot by Tanner Jeannot.
14:48 of 1st period - Stopped by Leevi Merilainen with a rebound.
14:50 of 1st period - Slapshot by Jacob Trouba.
14:50 of 1st period - Shot Misses the Net.
14:52 of 1st period - Snap shot by Tanner Jeannot.
14:52 of 1st period - Goal by Tanner Jeannot - Boston Bruins : 0 - Edmonton Oilers : 2.
14:53 of 1st period - Boone Jenner wins face-off versus Ryan Donato in neutral zone.
15:10 of 1st period - Wrist shot by Adrian Kempe.
15:10 of 1st period - Stopped by Leevi Merilainen with a rebound.
15:20 of 1st period - Scott Mayfield is hit by Brandon Hagel and loses puck.
15:25 of 1st period - Snap shot by Brandon Hagel.
15:25 of 1st period - Stopped by Juuse Saros without a rebound.
15:26 of 1st period - Jeff Carter wins face-off versus Pavel Zacha in Edmonton Oilers zone.
15:26 of 1st period - Jeff Carter is hit by Brandon Hagel.
15:34 of 1st period - Wrist shot by Anthony Beauvillier.
15:34 of 1st period - Stopped by Juuse Saros with a rebound.
15:38 of 1st period - Snap shot by Brandon Hagel.
15:38 of 1st period - Stopped by Juuse Saros without a rebound.
15:39 of 1st period - Boone Jenner wins face-off versus Ryan Donato in Edmonton Oilers zone.
15:50 of 1st period - Snap shot by David Perron.
15:50 of 1st period - Shot Misses the Net.
15:52 of 1st period - Wrist shot by Adrian Kempe.
15:52 of 1st period - Shot Misses the Net.
15:54 of 1st period - Wrist shot by Boone Jenner.
15:54 of 1st period - Deflect By Joel Farabee.
15:54 of 1st period - Shot Blocked by Matt Grzelcyk.
15:54 of 1st period - Puck is out of play.
15:55 of 1st period - Jeff Carter wins face-off versus Pavel Zacha in Boston Bruins zone.
17:17 of 1st period - Charlie McAvoy is hit by Brett Pesce and loses puck.
17:34 of 1st period - Brett Pesce is hit by Ryan Donato.
18:04 of 1st period - Slapshot by David Perron.
18:04 of 1st period - Shot Blocked by Samuel Girard.
18:24 of 1st period - Slapshot by Sean Durzi.
18:24 of 1st period - Deflect By Dylan Holloway.
18:24 of 1st period - Stopped by Juuse Saros without a rebound.
18:25 of 1st period - Jeff Carter wins face-off versus Ryan Donato in Edmonton Oilers zone.
18:31 of 1st period - Minor Penalty to Jacob Larsson for Tripping.
18:32 of 1st period - Boone Jenner wins face-off versus Brandon Hagel in Boston Bruins zone.
18:35 of 1st period - Slapshot by Boone Jenner.
18:35 of 1st period - Stopped by Leevi Merilainen with a rebound.
18:37 of 1st period - Slapshot by Jacob Trouba.
18:37 of 1st period - Stopped by Leevi Merilainen without a rebound.
18:38 of 1st period - David Perron wins face-off versus Brandon Hagel in Boston Bruins zone.
19:07 of 1st period - Snap shot by Mikael Backlund.
19:07 of 1st period - Stopped by Leevi Merilainen without a rebound.
19:08 of 1st period - Phil Kessel wins face-off versus Jake DeBrusk in Boston Bruins zone.
19:08 of 1st period - Phil Kessel is hit by Evan Bouchard.
19:24 of 1st period - Slapshot by Brock Boeser.
19:24 of 1st period - Shot Misses the Net.
19:51 of 1st period - Samuel Girard is hit by Evan Bouchard and loses puck.
Goals for this period are 0 for Boston Bruins vs 2 for Edmonton Oilers.
Shots for this period are 6 for Boston Bruins vs 16 for Edmonton Oilers.
2nd period
0:01 of 2nd period - Anthony Beauvillier wins face-off versus Mikael Backlund in neutral zone.
0:26 of 2nd period - Anthony Beauvillier is hit by Jacob Trouba and loses puck.
0:31 of 2nd period - Penalty to Jacob Larsson is over, Jacob Larsson is back on ice.
0:51 of 2nd period - Slapshot by Tyson Barrie.
0:51 of 2nd period - Deflect By Joe Veleno.
0:51 of 2nd period - Goal by Joe Veleno - Boston Bruins : 1 - Edmonton Oilers : 2.
0:52 of 2nd period - Joe Veleno wins face-off versus Boone Jenner in neutral zone.
0:55 of 2nd period - Wrist shot by John-Jason Peterka.
0:55 of 2nd period - Deflect By Joe Veleno.
0:55 of 2nd period - Stopped by Juuse Saros without a rebound.
0:56 of 2nd period - Boone Jenner wins face-off versus Joe Veleno in Edmonton Oilers zone.
0:56 of 2nd period - Boone Jenner is hit by Joe Veleno.
1:52 of 2nd period - Snap shot by Evan Bouchard.
1:52 of 2nd period - Shot Blocked by Joel Farabee.
2:10 of 2nd period - Slapshot by Mathieu Olivier.
2:10 of 2nd period - Deflect By Dylan Gambrell.
2:10 of 2nd period - Shot Blocked by Tanner Jeannot.
2:10 of 2nd period - Puck is out of play.
2:11 of 2nd period - Dylan Gambrell wins face-off versus Derek Grant in Edmonton Oilers zone.
2:18 of 2nd period - Tanner Jeannot is hit by Dylan Gambrell and loses puck.
2:31 of 2nd period - Wrist shot by Tanner Jeannot.
2:31 of 2nd period - Deflect By Dylan Holloway.
2:31 of 2nd period - Stopped by Leevi Merilainen without a rebound.
2:32 of 2nd period - Brandon Hagel wins face-off versus Boone Jenner in Boston Bruins zone.
2:34 of 2nd period - Minor Penalty to Charlie McAvoy for Boarding.
2:35 of 2nd period - Mikael Backlund wins face-off versus Brandon Hagel in Boston Bruins zone.
4:26 of 2nd period - Brandon Hagel is hit by David Perron and loses puck.
4:34 of 2nd period - Penalty to Charlie McAvoy is over, Charlie McAvoy is back on ice.
4:52 of 2nd period - Wrist shot by Charlie McAvoy.
4:52 of 2nd period - Stopped by Juuse Saros with a rebound.
5:06 of 2nd period - Snap shot by Nicholas Merkley.
5:06 of 2nd period - Stopped by Juuse Saros without a rebound.
5:07 of 2nd period - Derek Grant wins face-off versus Joe Veleno in Edmonton Oilers zone.
5:14 of 2nd period - Snap shot by Tanner Jeannot.
5:14 of 2nd period - Stopped by Leevi Merilainen with a rebound.
6:22 of 2nd period - Wrist shot by John-Jason Peterka.
6:22 of 2nd period - Shot Blocked by Dawson Mercer.
6:24 of 2nd period - Slapshot by Samuel Girard.
6:24 of 2nd period - Deflect By John-Jason Peterka.
6:24 of 2nd period - Goal by John-Jason Peterka - Boston Bruins : 2 - Edmonton Oilers : 2.
6:25 of 2nd period - Pavel Zacha wins face-off versus Adrian Kempe in neutral zone.
6:28 of 2nd period - Snap shot by Brandon Hagel.
6:28 of 2nd period - Shot Blocked by Boone Jenner.
6:42 of 2nd period - Snap shot by Adrian Kempe.
6:42 of 2nd period - Shot Misses the Net.
6:56 of 2nd period - Wrist shot by Mikael Backlund.
6:56 of 2nd period - Stopped by Leevi Merilainen without a rebound.
6:57 of 2nd period - Ryan Donato wins face-off versus Jake DeBrusk in Boston Bruins zone.
7:17 of 2nd period - Off-side.
7:18 of 2nd period - Boone Jenner wins face-off versus Pavel Zacha in neutral zone.
7:30 of 2nd period - Minor Penalty to Sean Durzi for Hooking.
7:31 of 2nd period - Boone Jenner wins face-off versus Brandon Hagel in Boston Bruins zone.
8:12 of 2nd period - Jake DeBrusk is hit by Tyson Barrie and loses puck.
8:19 of 2nd period - Snap shot by Evan Bouchard.
8:19 of 2nd period - Goal by Evan Bouchard - Boston Bruins : 2 - Edmonton Oilers : 3.
8:20 of 2nd period - Boone Jenner wins face-off versus Pavel Zacha in neutral zone.
8:46 of 2nd period - Matt Grzelcyk is hit by Brandon Carlo and loses puck.
8:57 of 2nd period - Wrist shot by Paul Stastny.
8:57 of 2nd period - Shot Misses the Net.
9:39 of 2nd period - Wrist shot by Joel Farabee.
9:39 of 2nd period - Shot Misses the Net.
9:41 of 2nd period - Slapshot by Ryan Donato.
9:41 of 2nd period - Shot Blocked by Evan Bouchard.
10:41 of 2nd period - Wrist shot by Jake DeBrusk.
10:41 of 2nd period - Stopped by Leevi Merilainen without a rebound.
10:42 of 2nd period - Ryan Donato wins face-off versus Boone Jenner in Boston Bruins zone.
10:51 of 2nd period - Minor Penalty to Jacob Trouba for Boarding.
10:52 of 2nd period - Pavel Zacha wins face-off versus Adrian Kempe in Edmonton Oilers zone.
10:56 of 2nd period - Snap shot by Charlie McAvoy.
10:56 of 2nd period - Shot Blocked by Evan Bouchard.
10:58 of 2nd period - Slapshot by Charlie McAvoy.
10:58 of 2nd period - Shot Misses the Net.
11:00 of 2nd period - Wrist shot by Pavel Zacha.
11:00 of 2nd period - Shot Blocked by Boone Jenner.
11:02 of 2nd period - Slapshot by Brandon Hagel.
11:02 of 2nd period - Deflect By Boone Jenner.
11:02 of 2nd period - Stopped by Juuse Saros without a rebound.
11:03 of 2nd period - Ryan Donato wins face-off versus David Perron in Edmonton Oilers zone.
11:04 of 2nd period - Snap shot by Joel Farabee.
11:04 of 2nd period - Stopped by Juuse Saros without a rebound.
11:05 of 2nd period - Ryan Donato wins face-off versus David Perron in Edmonton Oilers zone.
11:52 of 2nd period - Snap shot by Adrian Kempe.
11:52 of 2nd period - Shot Blocked by Charlie McAvoy.
12:00 of 2nd period - Evan Bouchard is hit by Charlie McAvoy and loses puck.
12:21 of 2nd period - David Perron is hit by Tyson Barrie.
12:51 of 2nd period - Penalty to Jacob Trouba is over, Jacob Trouba is back on ice.
12:59 of 2nd period - Nicholas Merkley is hit by Scott Mayfield and loses puck.
13:39 of 2nd period - Off-side.
13:40 of 2nd period - Joe Veleno wins face-off versus Mikael Backlund in neutral zone.
14:12 of 2nd period - Boone Jenner is hit by Phil Kessel and loses puck.
14:42 of 2nd period - Snap shot by Dawson Mercer.
14:42 of 2nd period - Shot Misses the Net.
14:50 of 2nd period - Tanner Jeannot is hit by Charlie McAvoy.
15:00 of 2nd period - Slapshot by Joe Veleno.
15:00 of 2nd period - Shot Misses the Net.
15:02 of 2nd period - Slapshot by Charlie McAvoy.
15:02 of 2nd period - Stopped by Juuse Saros without a rebound.
15:03 of 2nd period - Mikael Backlund wins face-off versus Nicholas Merkley in Edmonton Oilers zone.
15:12 of 2nd period - Joe Veleno is hit by Jacob Trouba.
15:40 of 2nd period - Wrist shot by Boone Jenner.
15:40 of 2nd period - Shot Blocked by Samuel Girard.
15:46 of 2nd period - Brandon Carlo is hit by Ryan Donato.
16:00 of 2nd period - Evan Bouchard is hit by Sean Durzi and loses puck.
17:13 of 2nd period - Wrist shot by Adrian Kempe.
17:13 of 2nd period - Shot Misses the Net.
17:40 of 2nd period - Slapshot by Mikael Backlund.
17:40 of 2nd period - Stopped by Leevi Merilainen without a rebound.
17:41 of 2nd period - Derek Grant wins face-off versus Joe Veleno in Boston Bruins zone.
17:42 of 2nd period - Snap shot by Jacob Trouba.
17:42 of 2nd period - Stopped by Leevi Merilainen with a rebound.
18:14 of 2nd period - Off-side.
18:15 of 2nd period - Pavel Zacha wins face-off versus Mikael Backlund in neutral zone.
18:40 of 2nd period - Phil Kessel is hit by David Perron and loses puck.
18:47 of 2nd period - Wrist shot by Boone Jenner.
18:47 of 2nd period - Shot Blocked by Phil Kessel.
19:26 of 2nd period - Slapshot by Charlie McAvoy.
19:26 of 2nd period - Shot Blocked by Scott Mayfield.
19:28 of 2nd period - Slapshot by Charlie McAvoy.
19:28 of 2nd period - Shot Blocked by Scott Mayfield.
19:30 of 2nd period - Snap shot by Dylan Gambrell.
19:30 of 2nd period - Shot Misses the Net.
19:39 of 2nd period - Off-side.
19:40 of 2nd period - Pavel Zacha wins face-off versus Mikael Backlund in neutral zone.
19:48 of 2nd period - Icing by David Farrance.
19:49 of 2nd period - Ryan Donato wins face-off versus Jake DeBrusk in Edmonton Oilers zone.
19:52 of 2nd period - Slapshot by Joel Farabee.
19:52 of 2nd period - Stopped by Juuse Saros without a rebound.
19:53 of 2nd period - Boone Jenner wins face-off versus Ryan Donato in Edmonton Oilers zone.
Goals for this period are 2 for Boston Bruins vs 1 for Edmonton Oilers.
Shots for this period are 9 for Boston Bruins vs 7 for Edmonton Oilers.
3rd period
0:01 of 3rd period - Boone Jenner wins face-off versus Joel Farabee in neutral zone.
0:04 of 3rd period - Snap shot by Jacob Trouba.
0:04 of 3rd period - Stopped by Leevi Merilainen without a rebound.
0:05 of 3rd period - Boone Jenner wins face-off versus Ryan Donato in Boston Bruins zone.
0:06 of 3rd period - Snap shot by Adrian Kempe.
0:06 of 3rd period - Stopped by Leevi Merilainen with a rebound.
0:12 of 3rd period - Slapshot by Charlie McAvoy.
0:12 of 3rd period - Shot Misses the Net.
0:14 of 3rd period - Slapshot by Charlie McAvoy.
0:14 of 3rd period - Stopped by Juuse Saros with a rebound.
0:16 of 3rd period - Slapshot by Tyson Barrie.
0:16 of 3rd period - Shot Blocked by Adrian Kempe.
0:21 of 3rd period - Minor Penalty to David Perron for Holding.
0:22 of 3rd period - Ryan Donato wins face-off versus Dawson Mercer in Edmonton Oilers zone.
0:28 of 3rd period - Slapshot by Phil Kessel.
0:28 of 3rd period - Shot Misses the Net.
0:49 of 3rd period - Boone Jenner is hit by Brandon Hagel and loses puck.
2:21 of 3rd period - Penalty to David Perron is over, David Perron is back on ice.
2:45 of 3rd period - Mathieu Olivier is hit by Brett Pesce and loses puck.
3:24 of 3rd period - Anthony Beauvillier is hit by Dawson Mercer and loses puck.
4:12 of 3rd period - Jacob Larsson is hit by David Farrance and loses puck.
4:38 of 3rd period - Slapshot by Joel Farabee.
4:38 of 3rd period - Stopped by Juuse Saros without a rebound.
4:39 of 3rd period - Derek Grant wins face-off versus Pavel Zacha in Edmonton Oilers zone.
4:50 of 3rd period - Snap shot by Tanner Jeannot.
4:50 of 3rd period - Shot Blocked by Samuel Girard.
4:52 of 3rd period - Snap shot by Scott Mayfield.
4:52 of 3rd period - Stopped by Leevi Merilainen without a rebound.
4:53 of 3rd period - Jake DeBrusk wins face-off versus Pavel Zacha in Boston Bruins zone.
5:00 of 3rd period - Wrist shot by Mikael Backlund.
5:00 of 3rd period - Stopped by Leevi Merilainen with a rebound.
5:02 of 3rd period - Snap shot by Jake DeBrusk.
5:02 of 3rd period - Deflect By Charlie McAvoy.
5:02 of 3rd period - Stopped by Leevi Merilainen without a rebound.
5:03 of 3rd period - Pavel Zacha wins face-off versus Brock Boeser in Boston Bruins zone.
5:22 of 3rd period - Wrist shot by Jake DeBrusk.
5:22 of 3rd period - Stopped by Leevi Merilainen without a rebound.
5:23 of 3rd period - Boone Jenner wins face-off versus Phil Kessel in Boston Bruins zone.
5:30 of 3rd period - Snap shot by David Perron.
5:30 of 3rd period - Shot Blocked by Sean Durzi.
6:12 of 3rd period - Slapshot by Mathieu Olivier.
6:12 of 3rd period - Stopped by Juuse Saros without a rebound.
6:13 of 3rd period - Jeff Carter wins face-off versus Dylan Gambrell in Edmonton Oilers zone.
6:18 of 3rd period - Wrist shot by Jacob Trouba.
6:18 of 3rd period - Stopped by Leevi Merilainen with a rebound.
6:20 of 3rd period - Slapshot by Jacob Trouba.
6:20 of 3rd period - Stopped by Leevi Merilainen without a rebound.
6:21 of 3rd period - Boone Jenner wins face-off versus Ryan Donato in Boston Bruins zone.
6:26 of 3rd period - Wrist shot by Adrian Kempe.
6:26 of 3rd period - Stopped by Leevi Merilainen with a rebound.
6:38 of 3rd period - Jacob Trouba is hit by Joel Farabee and loses puck.
6:55 of 3rd period - Anthony Beauvillier is hit by Jacob Trouba and loses puck.
8:31 of 3rd period - Snap shot by Jake DeBrusk.
8:31 of 3rd period - Stopped by Leevi Merilainen with a rebound.
8:33 of 3rd period - Wrist shot by Brock Boeser.
8:33 of 3rd period - Stopped by Leevi Merilainen with a rebound.
8:35 of 3rd period - Slapshot by Jacob Trouba.
8:35 of 3rd period - Stopped by Leevi Merilainen with a rebound.
8:43 of 3rd period - Snap shot by Brock Boeser.
8:43 of 3rd period - Deflect By Jake DeBrusk.
8:43 of 3rd period - Stopped by Leevi Merilainen without a rebound.
8:44 of 3rd period - Boone Jenner wins face-off versus Ryan Donato in Boston Bruins zone.
8:47 of 3rd period - Slapshot by Adrian Kempe.
8:47 of 3rd period - Stopped by Leevi Merilainen with a rebound.
8:49 of 3rd period - Snap shot by Adrian Kempe.
8:49 of 3rd period - Stopped by Leevi Merilainen with a rebound.
8:51 of 3rd period - Snap shot by David Perron.
8:51 of 3rd period - Shot Misses the Net.
8:53 of 3rd period - Slapshot by David Farrance.
8:53 of 3rd period - Stopped by Leevi Merilainen without a rebound.
8:54 of 3rd period - Ryan Donato wins face-off versus Boone Jenner in Boston Bruins zone.
9:03 of 3rd period - Snap shot by Phil Kessel.
9:03 of 3rd period - Shot Misses the Net.
9:35 of 3rd period - Snap shot by Boone Jenner.
9:35 of 3rd period - Deflect By Adrian Kempe.
9:35 of 3rd period - Stopped by Leevi Merilainen with a rebound.
9:55 of 3rd period - Snap shot by Adrian Kempe.
9:55 of 3rd period - Shot Misses the Net.
9:57 of 3rd period - Backhand shot by Brett Pesce.
9:57 of 3rd period - Stopped by Leevi Merilainen without a rebound.
9:58 of 3rd period - Joe Veleno wins face-off versus Jeff Carter in Boston Bruins zone.
9:58 of 3rd period - Joe Veleno is hit by Evan Bouchard.
10:27 of 3rd period - Tanner Jeannot is hit by Jacob Larsson.
10:31 of 3rd period - Derek Grant is hit by Jacob Larsson and loses puck.
10:50 of 3rd period - David Farrance is hit by Tyson Barrie.
12:29 of 3rd period - Dylan Gambrell is hit by Mikael Backlund and loses puck.
12:41 of 3rd period - Icing by Brandon Carlo.
12:42 of 3rd period - Derek Grant wins face-off versus Joe Veleno in Edmonton Oilers zone.
13:03 of 3rd period - Samuel Girard is hit by David Perron.
13:34 of 3rd period - Snap shot by Brandon Hagel.
13:34 of 3rd period - Stopped by Juuse Saros without a rebound.
13:35 of 3rd period - Mikael Backlund wins face-off versus Joe Veleno in Edmonton Oilers zone.
13:51 of 3rd period - Snap shot by Jake DeBrusk.
13:51 of 3rd period - Shot Blocked by Nicholas Merkley.
14:23 of 3rd period - Minor Penalty to Brandon Hagel for Roughing.
14:24 of 3rd period - Boone Jenner wins face-off versus Anthony Beauvillier in Boston Bruins zone.
15:05 of 3rd period - Snap shot by Boone Jenner.
15:05 of 3rd period - Stopped by Leevi Merilainen with a rebound.
15:07 of 3rd period - Slapshot by David Perron.
15:07 of 3rd period - Goal by David Perron - Boston Bruins : 2 - Edmonton Oilers : 4.
15:08 of 3rd period - Jeff Carter wins face-off versus Joe Veleno in neutral zone.
15:33 of 3rd period - Derek Grant is hit by Jacob Larsson.
15:43 of 3rd period - Wrist shot by Anthony Beauvillier.
15:43 of 3rd period - Stopped by Juuse Saros without a rebound.
15:44 of 3rd period - Joel Farabee wins face-off versus Jeff Carter in Edmonton Oilers zone.
15:47 of 3rd period - Slapshot by Charlie McAvoy.
15:47 of 3rd period - Stopped by Juuse Saros with a rebound.
15:49 of 3rd period - Wrist shot by Ryan Donato.
15:49 of 3rd period - Shot Blocked by Brett Pesce.
15:59 of 3rd period - Slapshot by Phil Kessel.
15:59 of 3rd period - Shot Misses the Net.
16:09 of 3rd period - Wrist shot by Nicholas Merkley.
16:09 of 3rd period - Stopped by Juuse Saros without a rebound.
16:10 of 3rd period - Joe Veleno wins face-off versus Boone Jenner in Edmonton Oilers zone.
16:42 of 3rd period - Snap shot by Pavel Zacha.
16:42 of 3rd period - Deflect By Brandon Hagel.
16:42 of 3rd period - Stopped by Juuse Saros with a rebound.
16:44 of 3rd period - Snap shot by Matt Grzelcyk.
16:44 of 3rd period - Deflect By Dawson Mercer.
16:44 of 3rd period - Stopped by Juuse Saros with a rebound.
17:48 of 3rd period - Slapshot by Boone Jenner.
17:48 of 3rd period - Stopped by Leevi Merilainen with a rebound.
17:50 of 3rd period - Slapshot by Brett Pesce.
17:50 of 3rd period - Stopped by Leevi Merilainen with a rebound.
18:12 of 3rd period - Evan Bouchard is hit by Brandon Hagel and loses puck.
18:56 of 3rd period - Wrist shot by Jake DeBrusk.
18:56 of 3rd period - Stopped by Leevi Merilainen without a rebound.
18:57 of 3rd period - Jeff Carter wins face-off versus Joel Farabee in Boston Bruins zone.
19:22 of 3rd period - Boone Jenner is hit by Tyson Barrie and loses puck.
19:29 of 3rd period - Charlie McAvoy is hit by Adrian Kempe and loses puck.
Goals for this period are 0 for Boston Bruins vs 1 for Edmonton Oilers.
Shots for this period are 9 for Boston Bruins vs 23 for Edmonton Oilers.
Back to the Top